 Dungeon Crawl Stone Soup version 0.30.0-10-gfe55d96785 (webtiles) character file.

Game seed: 17728170556435011522

52 Katie the Chiller (level 3, -4/16 HPs)
             Began as a Spriggan Ice Elementalist on May 15, 2023.
             Slain by a gnoll
             ... wielding a +0 club
              (8 damage)
             ... on level 3 of the Dungeon.
             The game lasted 00:04:18 (1024 turns).

Katie the Chiller (Spriggan Ice Elementalist)       Turns: 1024, Time: 00:04:18

Health: -4/16      AC:  2    Str:  6    XL:     3   Next: 60%
Magic:  8/9        EV: 17    Int: 16    God:
Gold:   45         SH:  0    Dex: 15    Spells: 8/9 levels left

rFire   . . .        i - +1 short sword (holy)
rCold   . . .        (no shield)
rNeg    . . .        a - +0 robe
rPois   .            (helmet restricted)
rElec   .            (no cloak)
rCorr   .            (gloves unavailable)
SInv    +            (boots unavailable)
Will    .....        (no amulet)
Stlth   ++           (no ring)
HPRegen 0.22/turn    (no ring)
MPRegen 0.11/turn

%: no passive effects
@: very quick
A: very small, no large weapons, unfitting armour, see invisible, speed 3
a: no special abilities


You were on level 3 of the Dungeon.
You visited 1 branch of the dungeon, and saw 3 of its levels.

You collected 45 gold pieces.

Inventory:

Hand Weapons
 e - a +0 war axe
 i - a +1 short sword of holy wrath (weapon)
Armour
 a - a +0 robe (worn)
Wands
 j - a wand of roots (4)
Scrolls
 c - a scroll of enchant weapon {unknown}
 f - a scroll of fog {unknown}
 h - a scroll of brand weapon {unknown}
Potions
 b - 2 potions of lignification {unknown}
 d - 2 potions of ambrosia {unknown}
 g - a potion of cancellation {unknown}


   Skills:
 * Level 0.1 Fighting
 * Level 0.2 Short Blades
 - Level 0.2 Axes
 * Level 0.2 Armour
 * Level 2.9 Dodging
 * Level 3.5 Stealth
 * Level 3.5 Spellcasting
 * Level 3.7 Ice Magic
 * Level 0.3 Evocations


You had 8 spell levels left.
You knew the following spells:

 Your Spells              Type           Power      Damage    Failure   Level
a - Freeze                Ice            56%        1d7       3%          1

Your spell library contained the following spells:

 Spells                   Type           Power      Damage    Failure   Level
 Frozen Ramparts          Ice            28%        1d5       12%         3
 Ozocubu's Armour         Ice            14%        N/A       12%         3
 Summon Ice Beast         Ice/Summ       8%         N/A       63%         4


Dungeon Overview and Level Annotations

Branches:
Dungeon (3/15)

Altars:
Ashenzari
Uskayaw

Shops:
D:3 :


Innate Abilities, Weirdness & Mutations

You are very small and have problems with some larger weapons.
You are too small for most types of armour.
You have supernaturally acute eyesight. (SInv)
You cover ground extremely quickly. (Speed+++)


Message History

The roots erupt in riotous growth!
Roots grab the gnoll. x2
The grasping roots constrict the gnoll. x2
The gnoll struggles to escape constriction.
The gnoll closely misses you.
You hit the gnoll.
The gnoll is heavily wounded.
The grasping roots constrict the gnoll. x2
The roots release their grip on the gnoll. x2
The gnoll completely misses you. The gnoll barely misses you.
You barely miss the gnoll.
The gnoll is severely wounded.
The gnoll misses you.
You see here a +0 flail.
Unknown command.
Aiming: Fastroot
Press: ? - help, Shift-Dir - straight line, p - gnoll The roots erupt in riotous growth!
Roots grab the gnoll. x2
The grasping roots constrict the gnoll. x2; The gnoll misses you.
The gnoll barely misses you.
Unknown command.
You hit the gnoll.
You kill the gnoll!
The grasping roots constrict the gnoll.
The roots release their grip on the gnoll.
The gnoll hits you with a +0 club.
You hit the gnoll.
The gnoll is severely wounded.
The gnoll hits you with a +0 whip.
* * * LOW HITPOINT WARNING * * *
The gnoll barely misses you.
You barely miss the gnoll.
The gnoll is severely wounded.
The gnoll misses you. x2
You hit the gnoll but do no damage.
The gnoll is severely wounded.
The gnoll misses you. The gnoll hits you with a +0 club!
Ouch! That really hurt!
You die...

#........##### ..
#........##... .
+...>....##.## .##
#........##'#< ..#
#............# #.#
#........(...# #.#
###........... #.. #g#
##.###.....## .... #@##
#..#####_#### ....#####.g#
#.)###.....## .........#.#
#............ ........)#.#
#.......##### .........#.#
#......#..... .........#.#
#......#.###.
.........#.###......#.###.
.............#......#.....
...........#.....####.....


You could see 2 gnolls.

Vanquished Creatures
  2 gnolls (D:3)
  An adder (D:2)
  A dart slug (D:1)
  5 ball pythons
  3 endoplasms (D:2)
  2 goblins
  2 frilled lizards
  2 kobolds
  7 rats
25 creatures vanquished.

Notes
Turn   | Place    | Note
-------+----------+-------------------------------------------
     0 | D:1      | Katie the Spriggan Ice Elementalist began the quest for the
                  | Orb.
     0 | D:1      | Reached XP level 1. HP: 9/9 MP: 5/5
   315 | D:1      | Reached XP level 2. HP: 13/13 MP: 3/6
   658 | D:2      | Reached XP level 3. HP: 12/16 MP: 5/8
   716 | D:3      | Found a broken altar of Ashenzari.
   824 | D:3      | Found Ishad's Book Shoppe.
   871 | D:3      | Found a hide-covered altar of Uskayaw.
  1024 | D:3      | Slain by a gnoll

Illustrated notes

Levels and vault maps discovered:
D:1:      eino_arrival_cavern_b, layout_loops_ring
D:2:      layout_basic, shapermc_ecumenical_altar_ellora, basic_altar
D:3:      layout_basic, nicolae_overflow_hidden_temple,
          cheibrodos_ashenzari_chains, gammafunk_ghost_nasty_kobolds,
          serial_shops, shop_fountains, shop, nicolae_shop_stone, shop,
          uniq_jessica, uniq_robin

Skill      XL: |  1  2 |
---------------+-------+-----
Spellcasting   | 3 |  3.5
Fighting       | |  0.1
Short Blades   | |  0.2
Axes           | |  0.2
Armour         | |  0.2
Dodging        | |  2.9
Stealth        | |  3.5
Ice Magic      | |  3.7
Evocations     | |  0.3

Action                     || total
---------------------------++-------
  Melee: War axe           ||    16
         Short sword       ||    12
   Cast: Freeze            ||    29
  Evoke: Wand              ||     3
    Use: Potion            ||     1
   Stab: Sleeping          ||     2
 Armour: Robe              ||     1
  Dodge: Dodged            ||    42
